 Dungeon Crawl Stone Soup version bcrawl-1.13.2 (webtiles) character file.

Game seed: 7868193645280226821

38 Chiseanne the Sneak (level 3, 0/28 HPs)
             Began as a Demonspawn Archaeologist on Aug 12, 2019.
             Killed from afar by an orc wizard (3 damage)
             ... with a magic dart
             ... on level 1 of the Dungeon.
             The game lasted 00:02:19 (1542 turns).

Chiseanne the Sneak (Demonspawn Archaeologist)      Turns: 1542, Time: 00:02:20

Health: 0/28       AC:  7    Str: 11    XL:     3   Next: 25%
Magic:  0/3        EV: 12    Int: 16    God:
Gold:   77         SH:  0    Dex: 11    Spells: 2/2 levels left

rFire    . . .     SeeInvis .   k - +0 hand axe
rCold    . . .     Gourm    .   (no shield)
rNeg     . . .     Faith    .   l - +0 ring mail
rPois    .         Spirit   +   c - +1 hat
rElec    .         Reflect  .   (no cloak)
rCorr    .         Harm     .   (no gloves)
MR       .....                  m - +0 pair of boots {Fly}
Stlth    ++........             (no amulet)
HPRegen  0.09/turn              (no ring)
MPRegen  0.08/turn              (no ring)

@: flying, slowed, studying Long Blades, very slow
A: magic shield, sturdy frame 1
a: no special abilities


You were on level 1 of the Dungeon.
You were not hungry.

You visited 1 branch of the dungeon, and saw 2 of its levels.

You collected 77 gold pieces.

Inventory:

Hand Weapons
 k - a +0 hand axe (weapon)
 p - a +0 blowgun
Missiles
 b - 186 bolts
 d - 195 stones (quivered)
 j - 346 arrows
 o - 207 poisoned needles
Armour
 c - a +1 hat (worn)
 l - a +0 ring mail (worn)
 m - a +0 pair of boots of flying (worn)
Scrolls
 n - a scroll of identify {unknown}
Books
 e - a manual of Long Blades
Miscellaneous
 f - an ancient crate
Comestibles
 g - 2 rations {!d}


   Skills:
 * Level 2.8 Fighting
   Level 0.8 Maces & Flails
 * Level 1.1 Armour
 - Level 2.6 Dodging
 - Level 3.0 Stealth


You had 2 spell levels left.
You didn't know any spells.
Your spell library was empty.

Dungeon Overview and Level Annotations

Branches:
Dungeon (2/12)

Altars:


Innate Abilities, Weirdness & Mutations

When hurt, damage is shared between your health and your magic reserves.
Your movements are slightly less encumbered by armour. (ER -2)


Message History

You hit the orc wizard but do no damage.
The orc wizard is moderately wounded.
The orc wizard barely misses you.
The orc wizard gestures at you while chanting.
The magic dart hits you!
* * * LOW HITPOINT WARNING * * *
The orc wizard closely misses you.
It was a potion of cancellation.
Your magical effects are unravelling.
You feel magically purged.
You feel yourself speed up. The orc wizard casts a spell at you.
You feel yourself slow down. The orc wizard closely misses you.
It was a potion of flight.
You feel more buoyant.
The orc wizard looks more healthy.
The orc wizard completely misses you.
The orc wizard hits you but does no damage.
The orc wizard gestures at you while chanting.
The magic dart hits you!
You die...

...........##
#...........########
#..................#
...###....########.#
#### #.#.## #.# # #.#.#
#.# ######.#'## ##.##
..........## ##...##
######.....## #@#...##
# ##.......## #o.....#
####.........###.#...##
...'.........'.......#
####.........####...##
# ##.......## ##..##
##.....## ##..# #
##...#### ##.# #
#.......# #.#


You could see an orc wizard.

Vanquished Creatures
  An ooze (D:1)
  A dart slug (D:1)
  3 leopard geckos
  2 ball pythons (D:2)
  3 bats
  2 goblins (D:1)
  6 hobgoblins (D:1)
  3 jackals (D:1)
  3 kobolds
  A rat (D:1)
25 creatures vanquished.

Notes
Turn   | Place    | Note
-------+----------+-------------------------------------------
     0 | D:1      | Chiseanne the Demonspawn Archaeologist began the quest for
                  | the Orb.
     0 | D:1      | Reached XP level 1. HP: 15/15 MP: 1/1
   574 | D:1      | Gained mutation: When hurt, damage is shared between your
                  | health and your magic reserves. [demonic ancestry]
   574 | D:1      | Reached XP level 2. HP: 22/22 MP: 2/2
  1002 | D:1      | Gained mutation: Your movements are slightly less
                  | encumbered by armour. (ER -2) [demonic ancestry]
  1002 | D:1      | Reached XP level 3. HP: 20/28 MP: 3/3
  1250 | D:1      | Reached skill level 1 in Armour
  1542 | D:1      | Killed from afar by an orc wizard

Skill      XL: |  1  2  3 |
---------------+----------+-----
Fighting       | 2 |  2.8
Armour         | 1 |  1.1
Maces & Flails | |  0.8
Dodging        | |  2.6
Stealth        | |  3.0

Action                   || total
-------------------------++-------
Melee: Whip              ||    45
       Hand axe          ||    54
 Fire: Blowgun           ||     3
  Use: Scroll            ||     2
       Potion            ||     2
 Stab: Sleeping          ||     4
  Eat: Chunk             ||     2
Armor: Robe              ||    14
       Ring mail         ||    27
Dodge: Dodged            ||    84
